 Dungeon Crawl Stone Soup version 0.17-a0-1632-g0af21bd (webtiles) character file.

78 karlkraus the Covered (level 4, -5/41 HPs)
             Began as a Minotaur Fighter on Aug 4, 2015.
             Slain by Sigmund
             ... wielding a +1 scythe of venom
              (10 damage)
             ... on level 2 of the Dungeon.
             The game lasted 00:02:25 (1203 turns).

karlkraus the Covered (Minotaur Fighter)            Turns: 1203, Time: 00:02:25

Health: -5/41      AC:  0    Str: 27    XL:     4   Next: 15%
Magic:  3/3        EV: 17    Int:  5    God:
Gold:   97         SH:  0    Dex:  9    Spells: 0 memorised, 3 levels left

rFire  . . .     SeeInvis .     (weapon currently unavailable)
rCold  . . .     Clarity  .     (armour currently unavailable)
rNeg   . . .     SustAt   .     (shield currently unavailable)
rPois  .         Gourm    .     (helmet currently unavailable)
rElec  .         Spirit   .     (cloak currently unavailable)
rCorr  .         Warding  .     (gloves currently unavailable)
rMut   .         Stasis   .     (boots currently unavailable)
MR     .....                    (amulet currently unavailable)
Stlth  +.........               (ring currently unavailable)
                                (ring currently unavailable)

@: mighty, lethally poisoned (-5 -> -17), porcupine-form (expiring), quick, not
resistant to hostile enchantments, very unstealthy
A: (retaliatory headbutt), (horns 0)
a: no special abilities


You were on level 2 of the Dungeon.
You were very hungry.
You were a spiny porcupine.
You visited 1 branch of the dungeon, and saw 2 of its levels.

You collected 97 gold pieces.

Inventory:

Hand weapons
 a - a +0 flail (melded)
Armour
 c - a +0 shield (melded)
 i - a +0 chain mail (melded)
 j - a +0 pair of boots (melded)
Jewellery
 l - an uncursed ring of wizardry {unknown}
 o - an uncursed ring of stealth {unknown}
Scrolls
 b - a scroll of identify {unknown}
 h - a scroll of enchant weapon {unknown}
 m - 2 scrolls of fog {unknown}
 n - 2 scrolls of remove curse {unknown}
Potions
 g - a potion of haste {unknown}
 k - a potion of brilliance {unknown}
 p - a potion of curing {unknown}
 r - a potion of heal wounds {unknown}
 s - a potion of poison {unknown}
Comestibles
 e - 2 bread rations
 f - a beef jerky
 q - a meat ration


   Skills:
 + Level 4.3 Fighting
 + Level 2.8 Maces & Flails
 + Level 4.6 Armour
 + Level 0.4 Dodging
 + Level 4.4 Shields


You had 3 spell levels left.
You didn't know any spells.

Dungeon Overview and Level Annotations

Branches:
Dungeon (2/15)

Altars:

Annotations:
D:2 Sigmund


Innate Abilities, Weirdness & Mutations

((You reflexively headbutt those who attack you in melee.))
((You have a pair of horns on your head.))


Message History

* * * LOW HITPOINT WARNING * * *
You feel sick.
* * * LOW HITPOINT WARNING * * *
You feel sick.
Sigmund hits you with a scythe of venom.
* * * LOW HITPOINT WARNING * * *
You hit Sigmund.
Sigmund is severely wounded.
* * * LOW HITPOINT WARNING * * *
You feel sick.
Sigmund zaps a wand.
You closely miss Sigmund.
Sigmund is severely wounded.
* * * LOW HITPOINT WARNING * * *
You feel sick.
Sigmund zaps a wand.
You resist with some effort.
You closely miss Sigmund.
Sigmund is severely wounded.
* * * LOW HITPOINT WARNING * * *
You feel sick.
Sigmund hits you with a scythe of venom!
You die...

#####.###.######
..........# ######..###
#.......###############
#.####.†#.....<.......#
# #..# #........#.#
####.#..# #.#.)###.#.#
.....#..#.# #....#.#.#
######..#.##.###r##.#.#
.......##.##....@##.#.#
###...###.#########.#.#
#...#.# #.#########.#.#
#.#÷#.# #.#.........#.#
..#.#.###.#.#########.#
.....((..(...........>#
###.#.###.#.###########
#.#.....#.#


You could see Sigmund.

Vanquished Creatures
  3 adders (D:2)
  3 worms (D:2)
  2 giant cockroaches (D:1)
  4 hobgoblins
  4 jackals (D:2)
  6 kobolds
  A ball python (D:2)
  8 bats
  4 giant newts
  4 goblins (D:1)
  A quokka (D:2)
  6 rats
46 creatures vanquished.

Notes
Turn   | Place    | Note
--------------------------------------------------------------
     0 | D:1      | karlkraus the Minotaur Fighter began the quest for the Orb.
     0 | D:1      | Reached XP level 1. HP: 19/19 MP: 0/0
   173 | D:1      | Reached XP level 2. HP: 27/27 MP: 1/1
   193 | D:1      | Reached skill level 4 in Fighting
   579 | D:2      | Reached XP level 3. HP: 29/33 MP: 2/2
   841 | D:2      | Reached XP level 4. HP: 23/40 MP: 3/3
  1184 | D:2      | Noticed Sigmund
  1203 | D:2      | Slain by Sigmund

Vault maps used:
D:1:      dpeg_arrival_rooms_b
D:2:      roderic_lattice_a, uniq_sigmund

Action                   |  1- 3 |  4- 6 || total
-------------------------+-------+-------++-------
Melee: Flail             |    98 |    13 ||   111
       Unarmed           |       |     6 ||     6
  Use: Potion            |       |     1 ||     1
